 Dungeon Crawl Stone Soup version 0.28-a0-895-g6e5f11bd55 (webtiles) character file.

Game seed: 14044678195682462886

651 Sabo the Skirmisher (level 7, 0/75 HPs)
             Began as an Ogre Berserker on Nov 23, 2021.
             Was a Believer of Trog.
             Slain by an ufetubus (3 damage)
             ... on level 5 of the Dungeon.
             The game lasted 00:20:05 (5272 turns).

Sabo the Skirmisher (Ogre Berserker)                Turns: 5272, Time: 00:20:08

Health: 0/75       AC:  3    Str: 22    XL:     7   Next: 53%
Magic:  7/7        EV: 10    Int:  8    God:    Trog [**....]
Gold:   181        SH:  0    Dex: 10    Spells: 6/6 levels left

rFire   . . .      SeeInvis .   n - +0 giant spiked club
rCold   . . .      Faith    .   (shield currently unavailable)
rNeg    . . .      Spirit   .   a - +0 robe
rPois   +          Reflect  .   (helmet restricted)
rElec   .          Harm     .   (no cloak)
rCorr   .          Rampage  .   (gloves unavailable)
Will    .....                   (boots unavailable)
Stlth   +.........              (no amulet)
HPRegen 0.22/turn               j - ring of poison resistance
MPRegen 0.10/turn               (no ring)

@: on berserk cooldown, slowed, very slow
A: large, unfitting armour, tough skin 1
a: Renounce Religion, Berserk, Trog's Hand


You were on level 5 of the Dungeon.
You worshipped Trog.
Trog was pleased with you.
You visited 1 branch of the dungeon, and saw 5 of its levels.

You collected 181 gold pieces.

Inventory:

Hand Weapons
 k - a +0 war axe
 l - a +0 morningstar
 n - a +0 giant spiked club (weapon)
 q - a +1 hand axe of venom
Missiles
 d - 15 sling bullets
 f - 6 poisoned darts
 g - 20 bolts
 m - 7 large rocks (quivered)
 p - a boomerang
Armour
 a - a +0 robe (worn)
Jewellery
 j - a ring of poison resistance (left hand)
Scrolls
 b - a scroll of magic mapping {unknown}
 c - a scroll of blinking
 h - a scroll of teleportation {unknown}
 r - a scroll of enchant weapon {unknown}
Potions
 e - 2 potions of might
 o - a potion of curing {unknown}


   Skills:
 + Level 6.2 Fighting
 + Level 4.8(5.5) Axes
 + Level 3.5(4.5) Maces & Flails
 + Level 0.6 Throwing
 + Level 4.3 Dodging
 + Level 1.0 Stealth


You had 6 spell levels left.
You didn't know any spells.
Your spell library was empty.

Dungeon Overview and Level Annotations

Branches:
Dungeon (5/15)             Temple (0/1) D:4

Altars:
Trog


Innate Abilities, Weirdness & Mutations

You are too large for most types of armour.
You have tough skin. (AC +1)


Message History

* * * LOW HITPOINT WARNING * * *
The ufetubus hits you.
* * * LOW HITPOINT WARNING * * *
The orc closely misses you. The iguana bites you.
* * * LOW HITPOINT WARNING * * *
The ufetubus closely misses you. The ufetubus misses you.
You barely miss the ufetubus. The orc closely misses you. The iguana bites you.
* * * LOW HITPOINT WARNING * * *
The ufetubus barely misses you. x2
You barely miss the ufetubus. The ufetubus hits you.
* * * LOW HITPOINT WARNING * * *
The ufetubus barely misses you. The orc closely misses you.
The iguana bites you!
* * * LOW HITPOINT WARNING * * *
The ufetubus hits you.
* * * LOW HITPOINT WARNING * * *
The ufetubus closely misses you. The orc barely misses you.
You puncture the orc!
You kill the orc!
Trog accepts your kill. The iguana bites you.
* * * LOW HITPOINT WARNING * * *
The ufetubus barely misses you. x2
The iguana hisses menacingly.
The iguana closely misses you.
You barely miss the iguana.
You are no longer berserk.
You are exhausted.
You feel yourself slow down. The ufetubus hits you.
* * * LOW HITPOINT WARNING * * *
The ufetubus hits you but does no damage.
The ufetubus barely misses you. x2; The iguana completely misses you.
You completely miss the iguana.
The ufetubus hits you but does no damage.
The ufetubus barely misses you. The ufetubus misses you.
The ufetubus barely misses you. The iguana barely misses you.
The ufetubus hits you.
* * * LOW HITPOINT WARNING * * *
The ufetubus hits you.
You die...

# #. #######
...##....>##
...........##
............#
......l@....#
.......5)...#
......../...#
............#
.........$..#
..........(##
...##.....##
### #######


You could see an iguana and an ufetubus.

Vanquished Creatures
  Menkaure (D:4)
  2 ogres
  A necrophage (D:4)
  A hound (D:4)
  A jelly (D:4)
  An orc wizard (D:3)
  A killer bee zombie (D:4)
  3 gnolls (D:4)
  6 adders
  3 dart slugs
  10 orcs
  4 ball pythons
  6 endoplasms
  2 hobgoblins (D:3)
  2 jackals (D:3)
  3 kobolds (D:1)
  3 quokkas
  5 bats
  7 frilled lizards
  15 goblins
  3 rats
  A spectral hobgoblin (D:1)
81 creatures vanquished.

Vanquished Creatures (others)
  A quokka (D:2)
1 creature vanquished.

Grand Total: 82 creatures vanquished

Notes
Turn   | Place    | Note
-------+----------+-------------------------------------------
     0 | D:1      | Sabo the Ogre Berserker began the quest for the Orb.
     0 | D:1      | Reached XP level 1. HP: 24/24 MP: 1/1
   189 | D:1      | Reached XP level 2. HP: 8/32 MP: 2/2
   692 | D:1      | Found a faded altar of an unknown god.
  1212 | D:2      | Reached XP level 3. HP: 34/40 MP: 3/3
  1365 | D:2      | Found a bloodstained altar of Trog.
  1514 | D:2      | Reached ** piety under Trog
  1799 | D:2      | Reached XP level 4. HP: 42/49 MP: 4/4
  2472 | D:3      | Noticed an ogre
  2495 | D:3      | Killed an ogre
  2496 | D:3      | Reached skill level 5 in Fighting
  2496 | D:3      | Reached XP level 5. HP: 46/57 MP: 5/5
  3180 | D:3      | Reached XP level 6. HP: 50/66 MP: 6/6
  3396 | D:4      | Noticed Menkaure
  3593 | D:4      | Reached skill level 1 in Maces & Flails
  3827 | D:4      | Found a staircase to the Ecumenical Temple.
  3843 | D:4      | Killed Menkaure
  4055 | D:4      | Noticed a necrophage
  4057 | D:4      | Killed a necrophage
  4058 | D:4      | Reached skill level 6 in Fighting
  4058 | D:4      | Reached XP level 7. HP: 71/75 MP: 7/7
  4451 | D:4      | Reached skill level 1 in Stealth
  5257 | D:5      | Entered Level 5 of the Dungeon
  5272 | D:5      | HP: 3/75 [ufetubus (1)]
  5272 | D:5      | Slain by an ufetubus

Illustrated notes

Levels and vault maps discovered:
D:1:      evilmike_arrival_plus, layout_basic,
          dreamdust_ecumenical_altar_drowned_temple
D:2:      layout_rooms, basic_altar, lemuel_flame_loot_1
D:3:      layout_loops_ring, minmay_ogre_servants
D:4:      layout_basic, minmay_temple_entry_ruins, uniq_menkaure
D:5:      layout_rooms, st_stairs_4

Skill      XL: |  1  2  3  4  5  6  7 |
---------------+----------------------+-----
Dodging        | 3 4 |  4.3
Axes           | 4 |  4.8
Fighting       | 5 6 |  6.2
Maces & Flails | 2 3 |  3.5
Stealth        | 1 |  1.0
Throwing       | |  0.6

Action                   |  1- 3 |  4- 6 |  7- 9 || total
-------------------------+-------+-------+-------++-------
Melee: Hand axe          |   121 |     2 |       ||   123
       War axe           |       |    48 |       ||    48
       Giant spiked club |       |    67 |    31 ||    98
Throw: Large rock        |       |     4 |    12 ||    16
Invok: Berserk           |       |     1 |     2 ||     3
  Use: Scroll            |     2 |       |       ||     2
       Potion            |       |       |     1 ||     1
 Stab: Sleeping          |     1 |       |       ||     1
Armor: Animal skin       |    45 |     7 |       ||    52
       Robe              |       |    27 |     8 ||    35
Dodge: Dodged            |    65 |    83 |    63 ||   211

Table legend: (Time is in decaauts)
 A = Elapsed time spent in this place.
 B = Non-inter-level travel time spent in this place.
 C = Inter-level travel time spent in this place.
 D = Time resting spent in this place.
 E = Time spent auto-exploring this place.
 F = Levels seen in this place.
 G = Mean time per level.
                   A        B        C        D        E       F      G
               +--------+--------+--------+--------+--------+-----+--------+
         Total |   5405 |   5405 |      0 |   2099 |      0 |   5 | 1081.0 |
       Dungeon |   5405 |   5405 |      0 |   2099 |      0 |   5 | 1081.0 |
               +--------+--------+--------+--------+--------+-----+--------+

Top non-repeatable levels by time:
     D:4: 1946 daAuts
     D:3: 1379 daAuts
     D:1: 1190 daAuts
     D:2: 871 daAuts
     D:5: 18 daAuts
